 Dungeon Crawl Stone Soup version 0.31.0-12-g77e489cdc1 (webtiles) character file.

Game seed: 16482111378849745811

1145 vytenis3d the Trooper (level 8, 0/6 HPs)
             Began as a Demonspawn Gladiator on Feb 18, 2024.
             Was an Initiate of Ru.
             Slain by a wight
             ... wielding a +0 short sword
              (6 damage)
             ... on level 7 of the Dungeon.
             The game lasted 00:16:04 (3240 turns).

vytenis3d the Trooper (Demonspawn Gladiator)        Turns: 3240, Time: 00:16:04

Health: 0/6        AC:  5    Str: 16    XL:     8   Next: 15%
Magic:  11/11      EV: 19    Int:  9    God:    Ru [......]
Gold:   177        SH:  0    Dex: 15    Spells: 11/11 levels left

rFire   . . .        z - +3 war axe
rCold   . . .        (no shield)
rNeg    . . .        b - melded +0 leather armour
rPois   .            c - +0 helmet
rElec   .            (no cloak)
rCorr   .            s - +1 pair of gloves
SInv    .            (no boots)
Will    .....        (no amulet)
Stlth   +            n - +5 ring of evasion
HPRegen 0.21/turn    (no ring)
MPRegen 0.24/turn

%: no passive effects
@: maw-form
A: devouring maw, reduced hp, hooves 1, magic regeneration, sharp scales 2
a: Begin Untransformation, Renounce Religion


You were on level 7 of the Dungeon.
You worshipped Ru.
Ru was noncommittal.
You were a creature with a mouth for a stomach.
You visited 2 branches of the dungeon, and saw 7 of its levels.

You collected 257 gold pieces.
You spent 80 gold pieces at shops.

Inventory:

Hand Weapons
 a - a +0 war axe
 x - the +8 pair of quick blades "Gyre" and "Gimble" {protect}
   (You found it on level 4 of the Dungeon)
 z - a +3 war axe (weapon)
Missiles
 d - a throwing net
 e - a javelin
 u - 4 boomerangs (quivered)
Armour
 b - a +0 leather armour (melded)
 c - a +0 helmet (worn)
 s - a +1 pair of gloves (worn)
Magical Staves
 y - a staff of fire
Jewellery
 n - a +5 ring of evasion (left hand)
Talismans
 D - a maw talisman (active)
Wands
 v - a wand of digging (5)
 B - a wand of roots (6)
Scrolls
 f - a scroll of amnesia {unknown}
 j - 2 scrolls of vulnerability {unknown}
 k - 2 scrolls of poison {unknown}
 l - 3 scrolls of enchant armour {unknown}
 m - 4 scrolls of identify {unknown}
 o - 3 scrolls of fog {unknown}
 A - a scroll of teleportation {unknown}
Potions
 g - 2 potions of degeneration {unknown}
 h - 2 potions of brilliance {unknown}
 i - 4 potions of curing
 p - a potion of mutation {unknown}
 q - 2 potions of enlightenment {unknown}
 r - a potion of berserk rage {unknown}
 t - 2 potions of heal wounds
 w - a potion of attraction {unknown}
 C - a potion of resistance {unknown}


   Skills:
 * Level 5.6 Fighting
 + Level 4.4 Axes
 + Level 3.9 Throwing
 + Level 4.4 Dodging
 + Level 2.4 Spellcasting
 + Level 2.4 Ice Magic


You had 11 spell levels left.
You didn't know any spells.
Your spell library contained the following spells:

 Spells                   Type           Power      Damage    Failure   Level
 Ensorcelled Hibernation  Hex/Ice        6%         N/A       28%         2
 Call Canine Familiar     Summ           1%         N/A       67%         3
 Passwall                 Erth           1%         N/A       67%         3
 Sigil of Binding         Hex            1%         N/A       67%         3
 Swiftness                Air            1%         N/A       67%         3
 Dimensional Bullseye     Hex/Tloc       0%         N/A       97%         4
 Sculpt Simulacrum        Ice/Alch       1%         N/A       100%        6
 Ozocubu's Refrigeration  Ice            2%         4d8       100%        7
 Polar Vortex             Ice            2%         N/A       100%        9


Dungeon Overview and Level Annotations

Branches:
Dungeon (7/15)             Temple (1/1) D:4

Altars:
Ashenzari
Cheibriados
Dithmenos
Gozag
Kikubaaqudgha
Okawaru
Ru
Sif Muna
Trog
Uskayaw
Vehumet
Wu Jian
Xom
Yredelemnul

Shops:
D:4 !   D:7 :


Innate Abilities, Weirdness & Mutations

You are a creature with a mouth for a stomach.
Your midsection houses a second, enormous mouth.
Your maximum health is decreased, since you lack skill for your form.
You have large cloven feet.
You regenerate magic rapidly.
You are mostly covered in razor-sharp scales. (AC +2, Slay +2)


Message History

You feel clever.
You hit the ice beast but do no damage.
The ice beast is severely wounded.
The ice beast hits you but does no damage.
You slash the ice beast!
You kill the ice beast!
Okay, then.
Found 11 gold pieces.
l - 3 scrolls labelled SUSANO AHEMORE (gained 1)
You see here a maw talisman.
You see here a maw talisman.
D - a maw talisman You now have 177 gold pieces (gained 11).
There are no items here.
Throw: 4 boomerangs
Press: ? - help, Q - select action, (/) - cycle Shift-Dir - straight line, f - you
Okay, then.
Okay, then.
You begin transforming.
You continue transforming. x3
You turn into a creature with a mouth for a stomach.
Your +0 leather armour melds into your body.
Found a mace.
Found a stone staircase leading down.
You see here a +0 mace.
Found a lumpy grey potion.
g - 2 lumpy grey potions (gained 1)
Found a falchion.
You see here a +0 falchion.
Found a flail. 2 wights come into view.
Found 2 stones.
There are monsters nearby!
Found a stone staircase leading up. 2 wights come into view.
The wight misses you.
You slash the wight! Your bite misses the wight.
The wight is severely damaged.
The wight hits you with a +0 short sword.
Ouch! That really hurt!
You die...

#.(........#
#...........
#...........
#...........
#.........<.
##..........
##...........
##....Wz......
####..##.........
####...####......z..
#......## #....z.z..
##.......#
##........
#........# #......##
###........#
##...###
##..........# .###
#...#.....###


You could see 4 wights.

Vanquished Creatures
  Sigmund (D:3)
  Eustachio (D:4)
  2 water moccasins (D:7)
  2 ice beasts
  2 ogres (D:7)
  A scorpion (D:5)
  A hound (D:7)
  Terence (D:3)
  9 adders
  3 dart slugs
  3 orcs
  6 bats
  3 endoplasms
  7 giant cockroaches
  8 hobgoblins
  4 jackals
  5 kobolds
  4 quokkas
  5 ball pythons
  2 frilled lizards
  8 goblins
  3 rats
81 creatures vanquished.

Notes
Turn   | Place    | Note
-------+----------+-------------------------------------------
     0 | D:1      | vytenis3d the Demonspawn Gladiator began the quest for the
                  | Orb.
     0 | D:1      | Reached XP level 1. HP: 16/16 MP: 1/1
   124 | D:1      | Gained mutation: You are partially covered in razor-sharp
                  | scales. (AC +1, Slay +1) [demonic ancestry]
   124 | D:1      | Reached XP level 2. HP: 22/22 MP: 2/2
   627 | D:2      | Reached XP level 3. HP: 27/28 MP: 3/3
   752 | D:2      | Reached skill level 3 in Fighting
   905 | D:2      | Gained mutation: You regenerate magic rapidly. [demonic
                  | ancestry]
   905 | D:2      | Reached XP level 4. HP: 29/35 MP: 4/4
  1162 | D:3      | Noticed Terence
  1174 | D:3      | Killed Terence
  1335 | D:3      | Found a broken altar of Ashenzari.
  1339 | D:3      | Reached XP level 5. HP: 36/41 MP: 5/5
  1391 | D:3      | Noticed Sigmund
  1451 | D:3      | Killed Sigmund
  1452 | D:3      | Reached skill level 4 in Fighting
  1452 | D:3      | Reached skill level 1 in Spellcasting
  1452 | D:3      | Gained mutation: You have large cloven feet. [demonic
                  | ancestry]
  1452 | D:3      | Reached XP level 6. HP: 19/48 MP: 5/7
  1987 | D:3      | Found a faded altar of an unknown god.
  2019 | D:4      | Reached skill level 1 in Ice Magic
  2031 | D:4      | Found a staircase to the Ecumenical Temple.
  2119 | D:4      | Noticed Eustachio
  2140 | D:4      | Killed Eustachio
  2279 | D:4      | Found the +8 pair of quick blades "Gyre" and "Gimble"
                  | {protect}
  2284 | D:4      | Found an opulent altar of Gozag.
  2380 | Temple   | Entered the Ecumenical Temple
  2419 | Temple   | Became a worshipper of Ru the Awakened
  2436 | D:4      | Found a hide-covered altar of Uskayaw.
  2487 | D:4      | Noticed an ice beast
  2499 | D:4      | Killed an ice beast
  2500 | D:4      | Gained mutation: You are mostly covered in razor-sharp
                  | scales. (AC +2, Slay +2) [demonic ancestry]
  2500 | D:4      | Reached XP level 7. HP: 55/55 MP: 9/9
  2565 | D:4      | Found Xiodghe's Distillery.
  2573 | D:4      | Bought a potion of curing for 30 gold pieces
  2573 | D:4      | Bought a potion of heal wounds for 50 gold pieces
  2804 | D:5      | Entered Level 5 of the Dungeon
  2974 | D:5      | You fall into a shaft and drop 2 floors!
  2978 | D:7      | Found Osu Umeaxzou's Book Shop.
  2996 | D:7      | Reached skill level 5 in Fighting
  3143 | D:7      | Reached XP level 8. HP: 15/63 MP: 11/11
  3240 | D:7      | Slain by a wight

Illustrated notes

Levels and vault maps discovered:
D:1:      scummos_arrival_checkerplants, layout_loops_cross, serial_glass,
          glass_columns_a, glass_columns_c, glass_columns_b, glass_columns_a,
          glass_columns_a, due_unseen_surprise, item_on_display_a, st_stairs_10
D:2:      minmay_evil_eye, layout_rooms, basic_altar, nrook_uturn,
          chequers_serial_rivers_large_a
D:3:      layout_loops_ring, cheibrodos_ashenzari_chains,
          shapermc_ecumenical_altar_mp_vishouse, uniq_sigmund, uniq_terence
D:4:      layout_cave_pools, lemuel_round_altar, old_standard_altar,
          temple_fountains, serial_shops, nicolae_shop_pleasant_corner_grove,
          uniq_eustachio
D:5:      layout_basic, uniq_menkaure
D:7:      layout_cave_pods, nicolae_qazlal_style_of_elements,
          mainiacjoe_overflow_boulevard, serial_shops, shop, shop,
          minmay_between, uniq_jeremiah
Temple:   nicolae_temple_god_jail

Skill      XL: |  1  2  3  4  5  6  7 |
---------------+----------------------+-----
Throwing       | 2 3 |  3.9
Axes           | 3 4 |  4.4
Dodging        | 3 4 |  4.4
Fighting       | 3 4 5 |  5.6
Spellcasting   | 1 2 |  2.4
Ice Magic      | 1 2 |  2.4

Action                     |  1- 3 |  4- 6 |  7- 9 || total
---------------------------+-------+-------+-------++-------
  Melee: War axe           |    68 |   132 |    25 ||   225
         Punch             |       |     2 |       ||     2
         Kick              |       |    17 |    10 ||    27
  Throw: Throwing net      |     2 |     4 |       ||     6
         Boomerang         |       |     3 |     8 ||    11
   Stab: Sleeping          |       |     1 |       ||     1
 Armour: Leather armour    |    65 |    73 |    22 ||   160
         Skin              |       |       |     1 ||     1
  Dodge: Dodged            |    60 |   112 |    31 ||   203
   Form: Maw               |       |       |     1 ||     1
